 Dungeon Crawl Stone Soup version 0.28.0-43-g3370ac3207 (webtiles) character file.

Game seed: 13815941205393851438

317 NotreDorf the Poker (level 6, 0/48 HPs)
             Began as a Merfolk Gladiator on Mar 19, 2022.
             Succumbed to a kobold's poison
             ... on level 4 of the Dungeon.
             The game lasted 00:07:45 (3131 turns).

NotreDorf the Poker (Merfolk Gladiator)             Turns: 3131, Time: 00:07:46

Health: 0/48       AC:  8    Str: 15    XL:     6   Next: 44%
Magic:  6/6        EV: 14    Int:  7    God:
Gold:   266        SH:  0    Dex: 17    Spells: 5/5 levels left

rFire   . . .      SeeInvis +   a - +0 trident
rCold   . . .      Faith    .   (no shield)
rNeg    + . .      Spirit   .   v - +0 leather armour {rN+}
rPois   .          Reflect  .   c - +0 helmet
rElec   .          Harm     .   (no cloak)
rCorr   .          Rampage  .   (no gloves)
Will    .....                   (no boots)
Stlth   ++........              (no amulet)
HPRegen 0.16/turn               f - +4 ring of protection
MPRegen 0.10/turn               n - ring of see invisible

@: mighty, lethally poisoned (0 -> -4)
A: (nimble swimmer 2), mertail
a: no special abilities


You were on level 4 of the Dungeon.
You visited 1 branch of the dungeon, and saw 4 of its levels.

You collected 266 gold pieces.

Inventory:

Hand Weapons
 a - a +0 trident (weapon)
Missiles
 d - 3 throwing nets (quivered)
 t - 15 poisoned darts
Armour
 c - a +0 helmet (worn)
 v - a +0 leather armour of positive energy (worn)
Jewellery
 f - a +4 ring of protection (left hand)
 n - a ring of see invisible (right hand)
Scrolls
 h - a scroll of holy word {unknown}
 i - a scroll of magic mapping {unknown}
 k - 5 scrolls of identify {unknown}
 l - 3 scrolls of teleportation {unknown}
 p - a scroll of immolation {unknown}
 q - a scroll of enchant armour {unknown}
 r - a scroll of blinking {unknown}
 u - a scroll of amnesia {unknown}
Potions
 g - a potion of might
 j - a potion of attraction {unknown}
 m - 2 potions of curing {unknown}
 o - a potion of magic {unknown}
 s - a potion of haste {unknown}


   Skills:
 + Level 4.0 Fighting
 + Level 6.3 Polearms
 - Level 2.0 Throwing
 + Level 5.7 Dodging
 + Level 3.5 Stealth


You had 5 spell levels left.
You didn't know any spells.
Your spell library contained the following spells:

 Spells                   Type           Power      Damage    Failure   Level
 Slow                     Hex            0%         N/A       50%         1
 Confusing Touch          Hex            0%         N/A       86%         3
 Vampiric Draining        Necr           0%         2d6       86%         3


Dungeon Overview and Level Annotations

Branches:
Dungeon (4/15)
 Temple: D:4-7

Altars:

Shops:
D:2 *

Annotations:
D:2 1 runed translucent door, Crazy Yiuf


Innate Abilities, Weirdness & Mutations

((You are very nimble when in or above water. (Stealth+, EV+, Speed+++)))
Your lower body shifts to a powerful aquatic tail in water.


Message History

The phantom barely misses you.
You are too injured to fight recklessly!
You are too injured to fight recklessly!
You are too injured to fight recklessly!
You closely miss the phantom.
The phantom is severely damaged.
The phantom hits you.
The phantom blinks!
You blink.
A kobold and an orc priest come into view.
The kobold is wielding a +0 club and quivering poisoned darts.
Reach: a) +0 trident
Press: ? - help, Dir - move target, f - orc priest, p - phantom
Aim: an orc priest, wielding a +0 dagger (wandering, hasn't noticed you, about 37% to evade your +0 trident)
You reach to attack!
You barely miss the orc priest.
The orc priest shouts!
The howler monkey howls!
The kobold throws a poisoned dart.
The poisoned dart hits you!
You are poisoned.
The phantom closely misses you. The howler monkey closely misses you.
You barely miss the orc priest.
You feel very sick. The phantom hits you.
* * * LOW HITPOINT WARNING * * *
The phantom blinks!
You blink.
The orc priest hits you but does no damage.
It was a potion of might.
You feel very mighty all of a sudden.
You feel sick. The kobold hits you but does no damage.
The phantom closely misses you. The orc priest barely misses you.
The howler monkey hoots and howls with incredible vigour!
You puncture the orc priest!
You kill the orc priest!
You feel sick. The kobold closely misses you. The phantom hits you.
* * * LOW HITPOINT WARNING * * *
The howler monkey barely misses you.
Your Fighting skill increases to level 4!
You miss the kobold.
You feel sick. The kobold hits you but does no damage. The phantom hits you.
* * * LOW HITPOINT WARNING * * *
The phantom blinks!
You blink.
You completely miss the howler monkey.
You die...

#..####.##.#....## #
#...##..##...#.####### #
###..................## #
##..##############..# ## #..#
#...# ##.## ##. ##.# #.....#
## #..###.. #..# #..#.#..#.
##.....(
#<.##..##W##.)#####..###.
##..#..##@..##..#.##.###..
#...#.##.h)K.##.#.#......#
#.#.#..##...##..#...#..###
#...##..##.##.ยง##.#.......
#...# #..###..#.#.###....#
#.#.# #..#..#.##.##.....#
#####.#.# #...#.#.#.#....#.#
#....(..######.######.)..#.#.#
#............(......)..#.#....


You could see a phantom, a howler monkey and a kobold.

Vanquished Creatures
  A howler monkey (D:3)
  An orc priest (D:4)
  2 iguanas
  2 orc wizards (D:4)
  2 gnolls (D:4)
  5 adders
  An adder skeleton (D:4)
  A worm (D:3)
  3 dart slugs
  3 orcs
  6 endoplasms
  4 giant cockroaches
  4 goblins
  5 hobgoblins
  10 kobolds
  5 quokkas
  7 ball pythons
  8 bats
  A frilled lizard (D:2)
  2 rats (D:2)
73 creatures vanquished.

Notes
Turn   | Place    | Note
-------+----------+-------------------------------------------
     0 | D:1      | NotreDorf the Merfolk Gladiator began the quest for the
                  | Orb.
     0 | D:1      | Reached XP level 1. HP: 16/16 MP: 1/1
   429 | D:1      | Reached XP level 2. HP: 22/23 MP: 2/2
   522 | D:1      | Reached skill level 1 in Stealth
   564 | D:1      | Found a faded altar of an unknown god.
   928 | D:2      | Found Lirirev's Assorted Antiques.
  1027 | D:2      | Reached XP level 3. HP: 28/28 MP: 3/3
  1058 | D:2      | Reached skill level 5 in Polearms
  1394 | D:2      | Reached XP level 4. HP: 34/34 MP: 4/4
  1590 | D:2      | Found a runed translucent door.
  1591 | D:2      | Noticed Crazy Yiuf
  2353 | D:3      | Reached skill level 5 in Dodging
  2451 | D:3      | Reached XP level 5. HP: 41/41 MP: 5/5
  2698 | D:4      | Reached skill level 6 in Polearms
  2836 | D:4      | Reached XP level 6. HP: 48/48 MP: 6/6
  3130 | D:4      | HP: 1/48 [phantom (5)]
  3131 | D:4      | Succumbed to a kobold's poison

Illustrated notes

Levels and vault maps discovered:
D:1:      mrwooster_arrival_statue_2, layout_loops_ring,
          hellmonk_ecumenical_altar_heavens_door, minmay_tripent
D:2:      layout_loops_cross, serial_shops, shop, minmay_misc_feat_rows,
          uniq_crazy_yiuf_cottage
D:3:      minmay_chambers_of_twos, layout_rooms, kennysheep_potato
D:4:      minmay_diamond_boxcup, layout_rooms

Skill      XL: |  1  2  3  4  5  6 |
---------------+-------------------+-----
Stealth        | 1 2 3 |  3.5
Polearms       | 5 6 |  6.3
Fighting       | 3 4 |  4.0
Dodging        | 5 |  5.7
Throwing       | |  2.0

Action                   |  1- 3 |  4- 6 || total
-------------------------+-------+-------++-------
Melee: Trident           |    81 |   188 ||   269
       Punch             |     3 |     1 ||     4
  Use: Potion            |       |     3 ||     3
 Stab: Sleeping          |     3 |     7 ||    10
       Distracted        |     1 |     1 ||     2
Armor: Leather armour    |    21 |    45 ||    66
Dodge: Dodged            |    36 |   115 ||   151
